 Dungeon Sprint DCSS version 0.32-a0-433-g08bcfe7efd (webtiles) character file.

Game seed: 13440435369718348727

6 adelrune the Trooper (level 1, 0/12 HPs)
             Began as a Vine Stalker Fighter on Feb 22, 2024.
             Was an Initiate of Beogh.
             Slain by a scorpion (5 damage)
             ... in the Dungeon (Sprint IX: "|||||||||||||||||||||||||||||").
             The game lasted 00:00:38 (39 turns).

adelrune the Trooper (Vine Stalker Fighter)           Turns: 39, Time: 00:00:39

Health: 0/12       AC:  6    Str: 18    XL:     1   Next: 90%
Magic:  0/2        EV:  9    Int:  8    God:    Beogh [......]
Gold:   0          SH:  4    Dex: 13    Spells: 0/0 levels left

rFire   . . .        a - +0 rapier
rCold   . . .        c - +0 buckler
rNeg    . . .        b - +0 scale mail
rPois   .            (no helmet)
rElec   .            (no cloak)
rCorr   .            (no gloves)
SInv    .            (no boots)
Will    .....        (no amulet) Stlth
                     (no ring)
HPRegen 1.02/turn    (no ring)
MPRegen 0.08/turn

%: no teleportation, guardian spirit
@: no status effects
A: fangs 2, regeneration 1, magic shield, antimagic bite, no potion heal 2
a: Renounce Religion


You were in the Dungeon.
You worshipped Beogh.
Beogh was noncommittal.
You visited 1 branch

Inventory:

Hand Weapons
 a - a +0 rapier (weapon)
Armour
 b - a +0 scale mail (worn)
 c - a +0 buckler (worn)
Scrolls
 i - a scroll of blinking
Potions
 d - a potion of might
 f - a potion of haste
 g - 2 potions of magic
 h - a potion of berserk rage


   Skills:
 + Level 3.0 Fighting
 * Level 2.6 Short Blades
 + Level 2.7 Armour
 + Level 0.8 Dodging
 + Level 3.0 Shields


You couldn't memorise any spells.
You didn't know any spells.
Your spell library was empty.

Dungeon Overview and Level Annotations

Branches:
Dungeon (1/1)

Altars:


Innate Abilities, Weirdness & Mutations

You have extremely sharp teeth.
Your natural rate of healing is unusually fast.
When hurt, damage is shared between your health and your magic reserves.
Your bite disrupts and absorbs the magic of your enemies.
Potions cannot restore your health.


Message History

The priest grants you succor and welcomes you into the fold.
The bombardier beetle completely misses the orc priest.
The scorpion closely misses you.
The orc priest hits the jelly with a +0 short sword!
The acid corrodes the orc priest!
The orc priest is burned by acid!
You hit the scorpion.
The scorpion is moderately wounded.
The scorpion stings you but does no damage.
The orc priest hits the jelly with a +0 short sword!
The orc priest is burned by acid!
The bombardier beetle bites the orc priest.
You hit the scorpion but do no damage.
The scorpion is moderately wounded.
The scorpion stings you.
You are poisoned.
The scorpion poisons you!
The orc priest hits the bombardier beetle but does no damage.
The scorpion stings you but does no damage.
You barely miss the scorpion. Your bite misses the scorpion.
The scorpion is moderately wounded.
You feel very sick.
The bombardier beetle sprays incendiary fluid at you.
The burning spray hits the orc priest.
The orc priest barely misses the bombardier beetle.
The scorpion stings you.
You closely miss the scorpion. Your bite misses the scorpion.
The scorpion is moderately wounded.
* * * LOW HITPOINT WARNING * * *
You feel very sick.
The orc priest burns!
The orc priest dies!
The scorpion barely misses you.
Your system rejects the healing.
You feel better.
The scorpion stings you but does no damage.
You hit the scorpion but do no damage.
You bite the scorpion, but do no damage.
The scorpion is moderately wounded.
The scorpion stings you.
You die...

▓.▓
▓.▓
▓.▓
▓)▓
▓)▓
▓.▓
▓.▓
▓.▓
▓@▓
▓s▓
▓O▓
▓J▓
▓B▓
▓.▓
▓.▓
▓+▓


You could see an ogre, a scorpion, a bombardier beetle and a jelly.

Vanquished Creatures
  A ball python (D)
  A hobgoblin (D)
  A kobold (D)
  2 goblins (D)
5 creatures vanquished.

Vanquished Creatures (others)
  An orc priest (D)
1 creature vanquished.

Grand Total: 6 creatures vanquished

Notes
Turn   | Place    | Note
-------+----------+-------------------------------------------
     0 | D        | adelrune the Vine Stalker Fighter began the quest for the
                  | Orb.
     0 | D        | Reached XP level 1. HP: 11/11 MP: 2/2
    28 | D        | Noticed a scorpion
    28 | D        | Noticed an ogre
    28 | D        | Noticed a jelly
    28 | D        | Noticed an orc priest
    28 | D        | Noticed a bombardier beetle
    33 | D        | Became a worshipper of Beogh the Shepherd
    37 | D        | Killed an orc priest
    39 | D        | Slain by a scorpion

Illustrated notes

Levels and vault maps discovered:
D:        linesprint [early_d, line_temple, items_1, d_10, items_2, lair_1,
          lair_end, items_3, orc_1, orc_end, items_4, d_15, swamp_1, shoals_1,
          snake_1, spider_1, d_20, vaults_1, items_5, swamp_end, shoals_end,
          snake_end, spider_end, vaults_end, d_27, items_6, zot_1, zot_end,
          crypt_end, forest_end, elf_end, slime_end, tomb_end, abyss_end,
          pan_hell_end]

Skill      XL: |  1 |
---------------+----+-----
Short Blades   | 2 |  2.6
Fighting       | 3 |  3.0
Shields        | 3 |  3.0
Armour         | |  2.7
Dodging        | |  0.8

Action                     || total
---------------------------++-------
  Melee: Rapier            ||    27
         Bite              ||     6
 Invoke: Convert to Beogh  ||     1
    Use: Potion            ||     1
 Armour: Scale mail        ||    19
  Dodge: Dodged            ||     9
  Block: Buckler           ||     5

Table legend: (Time is in decaauts)
 A = Elapsed time spent in this place.
 B = Non-inter-level travel time spent in this place.
 C = Inter-level travel time spent in this place.
 D = Time resting spent in this place.
 E = Time spent auto-exploring this place.
 F = Levels seen in this place.
 G = Mean time per level.
                   A        B        C        D        E       F      G
               +--------+--------+--------+--------+--------+-----+--------+
         Total |     42 |     42 |      0 |      0 |      0 |   1 |   42.0 |
       Dungeon |     42 |     42 |      0 |      0 |      0 |   1 |   42.0 |
               +--------+--------+--------+--------+--------+-----+--------+

Top non-repeatable levels by time:
       D: 42 daAuts
